AoeStats
← ACI brayanpenalamus

Fortress

509735252Analyzed
4v4 RM · 6d ago on Sep 27, 2026· 74m 35s· 8 players
Game mode
Random Map
Map size
Huge
Population
200
Speed
Normal
Resources
Standard
Victory
Conquest
Starting age
Dark Age
Ending age
Imperial Age
RankedLock teamsTeams togetherTeam positionsShared explorationLock speedFull tech treeHidden civsTurbo modeCheats
Victory
Defeat
🇨🇴 Japanese · Colombia
1390
+13
🇨🇴 Mongols · Colombia
1386
+13
🇦🇷 Malay · Argentina
1256
+19
🇻🇪 Saracens · Venezuela
1233
+20
🇦🇷 Tupi · Argentina
1365
-18
1330
-17
🇺🇸 Berbers · United States
1297
-15
🇪🇸 Huns · Spain
1297
-15
Uhtred_of_Bebbamburg
4:53 Loom
7:03 Feudal Age
11:15 Castle Age
9:28 Double-Bit Axe
15:11 Town Watch
19:22 Wheelbarrow
19:43 Scale Mail Armor
24:56 Squires
24:54 Horse Collar
26:20 Bow Saw
26:59 Wheelbarrow
27:45 Chain Mail Armor
27:41 Forging
32:27 Imperial Age
30:10 Scale Barding Armor
31:00 Gold Mining
31:37 Chain Barding Armor
31:53 Bloodlines
31:43 Husbandry
33:16 Gold Shaft Mining
33:01 Caravan
32:31 Heavy Camel Rider
35:59 Iron Casting
38:39 Fortified Wall
38:25 Murder Holes
39:22 Plate Barding Armor
39:19 Imperial Camel Rider
40:37 Conscription
40:22 Grand Trunk Road
42:54 Blast Furnace
43:30 Chemistry
42:51 Ballistics
44:00 Hoardings
43:27 Fletching
47:17 Shatagni
47:59 Hand Cart
47:39 Light Cavalry
48:12 Hussar
50:14 Masonry
50:10 Siege Engineers
52:35 Coinage
54:13 Guard Tower
57:02 Bodkin Arrow
57:07 Padded Archer Armor
57:02 Elite Ghulam
59:01 Banking
62:18 Thumb Ring
65:08 Two-Man Saw
65:36 Leather Archer Armor
65:22 Bracer
69:06 Siege Elephant
69:08 Onager
71:48 Arson
Queens_StoneAge
7:44 Feudal Age
11:47 Castle Age
9:49 Horse Collar
10:29 Double-Bit Axe
15:39 Bow Saw
17:59 Loom
18:51 Wheelbarrow
19:50 Fletching
20:37 Guard Tower
24:22 Imperial Age
22:39 Gold Mining
26:42 Ballistics
27:22 Chemistry
26:27 Bodkin Arrow
27:20 Gold Shaft Mining
27:40 Bloodlines
27:31 Husbandry
27:57 Light Cavalry
28:57 Kasbah
29:35 Hussar
30:30 Scale Barding Armor
30:36 Forging
30:26 Bracer
32:10 Conscription
32:45 Bracer
33:07 Chain Barding Armor
32:48 Padded Archer Armor
32:34 Treadmill Crane
34:39 Elite Camel Archer
43:08 Leather Archer Armor
43:30 Plate Barding Armor
43:31 Iron Casting
49:14 Ring Archer Armor
49:52 Blast Furnace
manco
7:38 Feudal Age
12:03 Castle Age
10:16 Double-Bit Axe
10:20 Horse Collar
13:08 Bow Saw
17:33 Heavy Plow
18:43 Loom
20:01 Fletching
20:11 Padded Archer Armor
22:03 Thumb Ring
34:44 Imperial Age
32:23 Gold Mining
34:47 Bodkin Arrow
36:19 Gold Shaft Mining
36:51 Two-Man Saw
35:59 Bracer
37:59 Leather Archer Armor
44:18 Conscription
45:25 Ballistics
47:03 Parthian Tactics
46:54 Bloodlines
46:44 Husbandry
47:52 Heavy Cavalry Archer
48:15 Light Cavalry
49:12 Scale Barding Armor
49:17 Forging
51:10 Chemistry
60:31 Elite Skirmisher
66:26 Chain Barding Armor
66:16 Forging
65:55 Pikeman
66:35 Squires
66:20 Arson
68:19 Capped Ram
70:24 Iron Casting
70:24 Plate Barding Armor
70:36 Siege Ram
72:29 Scale Mail Armor
74:24 Halberdier
tiberio
7:14 Feudal Age
7:25 Loom
10:56 Castle Age
9:16 Double-Bit Axe
9:19 Horse Collar
9:29 Horse Collar
12:08 Bow Saw
12:32 Fletching
20:17 Wheelbarrow
21:05 Bodkin Arrow
22:34 Hand Cart
24:18 Ballistics
24:28 Heavy Plow
27:47 Imperial Age
25:39 Padded Archer Armor
25:36 Gold Mining
25:43 Stone Mining
26:36 Leather Archer Armor
26:33 Caravan
27:33 Caciques
28:31 Bracer
29:34 Chemistry
29:31 Ring Archer Armor
29:32 Curare
31:23 Gold Shaft Mining
31:54 Elite Blackwood Archer
32:03 Elite Blackwood Archer
33:09 Forging
33:37 Conscription
32:45 Capped Ram
33:18 Pikeman
33:59 Squires
33:44 Arson
34:19 Siege Ram
35:19 Scale Mail Armor
34:41 Halberdier
39:54 Chain Mail Armor
40:14 Iron Casting
44:07 Plate Mail Armor
63:29 Treadmill Crane
66:39 Champi Runner
67:17 Champi Warrior
68:35 Elite Champi Warrior
ACI Calvohp
6:35 Feudal Age
10:45 Castle Age
8:53 Horse Collar
9:48 Double-Bit Axe
11:42 Bow Saw
18:04 Wheelbarrow
19:21 Hand Cart
19:37 Town Watch
19:43 Loom
21:05 Forging
22:01 Fletching
22:46 Stone Mining
24:23 Bodkin Arrow
28:13 Imperial Age
26:31 Gold Mining
27:32 Heavy Plow
28:09 Gold Shaft Mining
29:00 Bracer
29:46 Padded Archer Armor
30:48 Chemistry
30:17 Elite Mangudai
31:14 Leather Archer Armor
32:32 Ballistics
33:13 Stone Shaft Mining
33:23 Siege Engineers
33:29 Masonry
33:31 Bloodlines
33:22 Husbandry
33:52 Parthian Tactics
32:47 Heavy Cavalry Archer
33:33 Thumb Ring
35:29 Caravan
36:08 Conscription
37:12 Drill
41:22 Scale Barding Armor
41:46 Fortified Wall
42:17 Hoardings
46:55 Chain Barding Armor
46:46 Forging
47:09 Light Cavalry
48:47 Coinage
49:37 Iron Casting
48:24 Hussar
58:32 Banking
66:50 Murder Holes
66:46 Guard Tower
70:36 Blast Furnace
El Rey Nocturno
7:35 Feudal Age
11:29 Castle Age
10:06 Double-Bit Axe
10:03 Horse Collar
10:36 Gold Mining
11:26 Scale Mail Armor
12:25 Bow Saw
18:20 Chain Mail Armor
21:09 Squires
21:43 Forging
26:42 Loom
31:17 Wheelbarrow
32:05 Gambesons
32:51 Hand Cart
36:46 Imperial Age
37:16 Pikeman
39:24 Plate Mail Armor
39:56 Halberdier
40:29 Capped Ram
41:23 Arson
42:24 Caravan
43:48 Fletching
44:13 Padded Archer Armor
45:20 Ballistics
44:29 Elite Skirmisher
45:09 Bodkin Arrow
47:11 Chemistry
46:13 Bracer
46:49 Conscription
47:33 Leather Archer Armor
47:55 Iron Casting
48:16 Kataparuto
48:39 Heavy Plow
49:40 Two-Man Saw
53:07 Guard Tower
55:58 Ring Archer Armor
56:43 Yasama
60:20 Fortified Wall
66:17 Blast Furnace
67:05 Elite Samurai
69:20 Keep
69:54 Arrowslits
ACI brayanpenalamus
8:36 Feudal Age
12:39 Castle Age
11:21 Double-Bit Axe
11:17 Horse Collar
13:37 Bow Saw
18:54 Loom
21:31 Wheelbarrow
21:52 Scale Barding Armor
24:16 Gold Mining
24:28 Heavy Plow
26:06 Hand Cart
26:07 Bloodlines
25:58 Husbandry
27:24 Gold Shaft Mining
31:27 Imperial Age
28:46 Town Watch
30:05 Chain Barding Armor
29:56 Forging
32:31 Conscription
31:32 Elite Mameluke
32:06 Heavy Camel Rider
33:12 Town Patrol
33:23 Caravan
37:12 Fletching
37:22 Padded Archer Armor
36:53 Onager
37:43 Light Cavalry
39:34 Chemistry
40:08 Hussar
46:53 Iron Casting
58:13 Bodkin Arrow
58:33 Leather Archer Armor
58:37 Elite Skirmisher
59:41 Bracer
60:55 Ring Archer Armor
61:43 Chemistry
61:04 Ballistics
ACI Hotsias
7:02 Feudal Age
13:15 Castle Age
11:01 Loom
12:29 Horse Collar
13:45 Double-Bit Axe
16:51 Forging
19:03 Iron Casting
26:43 Wheelbarrow
28:21 Hand Cart
29:08 Man-at-Arms
31:57 Gold Mining
32:23 Stone Mining
33:02 Squires
32:25 Long Swordsman
38:37 Imperial Age
37:14 Gold Shaft Mining
38:48 Forced Levy
39:30 Bow Saw
38:53 Two-Handed Swordsman
39:49 Heavy Plow
43:08 Blast Furnace
43:49 Capped Ram
46:42 Pikeman
48:47 Fletching
48:57 Padded Archer Armor
48:42 Halberdier
50:32 Crossbowman
50:32 Elite Skirmisher
51:12 Arbalester
53:08 Thumb Ring
54:08 Chemistry
54:02 Town Watch
57:15 Ballistics
59:20 Bow Saw
67:52 Bodkin Arrow
Connection lost

Rejoining the realm…

Still unreachable

The connection could not be restored.

Session expired

The server has moved on; the page needs a fresh start.